 Dungeon Crawl Stone Soup version 0.28-a0-631-g0446da8ef9 (webtiles) character file.

Game seed: 3906229255569525398

4 MacCMillion the Conjurer (level 1, -3/17 HPs)
             Began as a Gnoll Wanderer on Oct 10, 2021.
             Slain by a kobold (4 damage)
             ... on level 1 of the Dungeon.
             The game lasted 00:01:33 (306 turns).

MacCMillion the Conjurer (Gnoll Wanderer)            Turns: 306, Time: 00:01:33

Health: -3/17      AC:  2    Str: 13    XL:     1   Next: 70%
Magic:  6/6        EV: 11    Int:  9    God:
Gold:   15         SH:  0    Dex: 11    Spells: 8/9 levels left

rFire   . . .      SeeInvis .   d - +0 short sword
rCold   . . .      Faith    .   (no shield)
rNeg    . . .      Spirit   .   b - +0 robe
rPois   .          Reflect  .   (no helmet)
rElec   .          Harm     .   (no cloak)
rCorr   .          Rampage  .   (no gloves)
Will    .....                   (no boots)
Stlth   +.........              (no amulet)
HPRegen 0.05/turn               (no ring)
MPRegen 0.10/turn               (no ring)

@: no status effects
A: fangs 1, strong nose, distributed training
a: no special abilities


You were on level 1 of the Dungeon.
You visited 1 branch of the dungeon, and saw 1 of its levels.

You collected 15 gold pieces.

Inventory:

Hand Weapons
 a - a +0 club
 d - a +0 short sword (weapon)
Armour
 b - a +0 robe (worn)
Scrolls
 e - a scroll of fear {unknown}
Potions
 c - a potion of lignification
 f - a potion of cancellation {unknown}
 g - a potion of brilliance {unknown}


   Skills:
 + Level 2.4 Fighting
 + Level 0.1 Short Blades
 + Level 0.1 Long Blades
 + Level 0.1 Axes
 + Level 0.1 Maces & Flails
 + Level 0.1 Polearms
 + Level 4.4 Staves
 + Level 0.1 Slings
 + Level 0.1 Bows
 + Level 0.1 Crossbows
 + Level 2.4 Throwing
 + Level 0.1 Armour
 + Level 0.1 Dodging
 + Level 0.1 Stealth
 + Level 0.1 Shields
 + Level 0.1 Unarmed Combat
 + Level 4.9 Spellcasting
 + Level 5.3 Conjurations
 + Level 0.1 Hexes
 + Level 0.1 Summonings
 + Level 0.1 Necromancy
 + Level 0.1 Translocations
 + Level 0.1 Transmutations
 + Level 0.1 Fire Magic
 + Level 0.1 Ice Magic
 + Level 0.1 Air Magic
 + Level 0.1 Earth Magic
 + Level 0.1 Poison Magic
 + Level 0.2 Invocations
 + Level 2.4 Evocations


You had 8 spell levels left.
You knew the following spells:

 Your Spells              Type           Power      Damage    Failure   Level
a - Magic Dart            Conj           44%        1d5       2%          1

Your spell library contained the following spells:

 Spells                   Type           Power      Damage    Failure   Level
 Animate Skeleton         Necr           4%         N/A       24%         1
 Conjure Flame            Conj/Fire      7%         6-21      24%         3
 Blink                    Tloc           N/A        N/A       34%         2
 Call Imp                 Summ           2%         N/A       34%         2
 Slow                     Hex            2%         N/A       34%         2
 Mephitic Cloud           Conj/Pois/Air  5%         N/A       34%         3
 Vampiric Draining        Necr           1%         2d6       56%         3


Dungeon Overview and Level Annotations

Branches:
Dungeon (1/15)

Altars:


Innate Abilities, Weirdness & Mutations

You have very sharp teeth.
Your uncanny sense of smell can sniff out nearby items.
Your experience applies equally to all skills.


Message History

A ball python comes into view.
The magic dart hits the ball python.
You kill the ball python!
You can't see any susceptible monsters within range! (Use Z to cast anyway.)
Found a chain mail.
You see here a bat corpse.
You see here 23 bolts.
You now have 15 gold pieces (gained 7).
You stumble into a teleport trap!
You are suddenly yanked towards some nearby monsters!
Your surroundings suddenly seem different.
A hobgoblin and a kobold come into view.
Found a scroll labelled BOTAC XITASORA and 6 gold pieces.
The kobold shouts!
The magic dart hits the hobgoblin.
The hobgoblin is heavily wounded.
The hobgoblin hits you but does no damage.
You closely miss the hobgoblin.
The hobgoblin is heavily wounded.
The hobgoblin closely misses you.
The hobgoblin hits you but does no damage.
You hit the hobgoblin but do no damage.
The hobgoblin is heavily wounded.
The hobgoblin hits you.
You hit the hobgoblin but do no damage.
The hobgoblin is heavily wounded.
The kobold hits you with a +0 club.
The hobgoblin hits you but does no damage.
The kobold closely misses you. The hobgoblin hits you.
Found 4 large rocks.
Found 9 gold pieces.
A kobold comes into view. It is wielding a +0 club.
The kobold shouts!
The kobold hits you but does no damage. The kobold hits you with a +0 club.
The hobgoblin hits you.
* * * LOW HITPOINT WARNING * * *
The kobold barely misses you. The hobgoblin barely misses you.
The kobold hits you with a +0 club.
You die...

........
.......#.
#.......
#####....$#
#.....(...#
#.........#
#.........#
.###.
#....K@...# ...$
###.gK....# .#.#
######
#.......##.#.###
.....#
#...###........#
.....# #####
#........#
.....#
#........#
.....#
#........#
.....#
#........#
.#####
#........#


You could see a hobgoblin and 2 kobolds.

Vanquished Creatures
  A hobgoblin (D:1)
  A kobold (D:1)
  A ball python (D:1)
  A bat (D:1)
  A frilled lizard (D:1)
5 creatures vanquished.

Notes
Turn   | Place    | Note
-------+----------+-------------------------------------------
     0 | D:1      | MacCMillion the Gnoll Wanderer began the quest for the Orb.
     0 | D:1      | MacCMillion set off with the following items: a +0 club, a
                  | +0 robe, a potion of lignification; and the following
                  | spells available to memorise: Magic Dart, Animate Skeleton,
                  | Conjure Flame, Blink, Call Imp, Slow, Mephitic Cloud,
                  | Vampiric Draining
     0 | D:1      | Reached XP level 1. HP: 17/17 MP: 6/6
    76 | D:1      | Learned a level 1 spell: Magic Dart
   306 | D:1      | Slain by a kobold

Illustrated notes

Levels and vault maps discovered:
D:1:      lightli_arrival_statue_moat, layout_basic

Action                   || total
-------------------------++-------
Melee: Short sword       ||     3
       Club              ||     1
 Cast: Magic Dart        ||     8
Armor: Robe              ||     4
Dodge: Dodged            ||     5

Table legend: (Time is in decaauts)
 A = Elapsed time spent in this place.
 B = Non-inter-level travel time spent in this place.
 C = Inter-level travel time spent in this place.
 D = Time resting spent in this place.
 E = Time spent auto-exploring this place.
 F = Levels seen in this place.
 G = Mean time per level.
                   A        B        C        D        E       F      G
               +--------+--------+--------+--------+--------+-----+--------+
         Total |    306 |    306 |      0 |      0 |    258 |   1 |  306.0 |
       Dungeon |    306 |    306 |      0 |      0 |    258 |   1 |  306.0 |
               +--------+--------+--------+--------+--------+-----+--------+

Top non-repeatable levels by time:
     D:1: 306 daAuts
